 Dungeon Crawl Stone Soup version 0.29.0-11-gd7f09526c8 (webtiles) character file.

Game seed: 13487874142168349741

93 sanka the Ruffian (level 4, -1/38 HPs)
             Began as a Draconian Delver on Sept 4, 2022.
             Slain by an iguana (13 damage)
             ... on level 3 of the Dungeon.
             The game lasted 00:02:05 (2209 turns).

sanka the Ruffian (Draconian Delver)                Turns: 2209, Time: 00:02:05

Health: -1/38      AC:  5    Str: 14    XL:     4   Next: 36%
Magic:  4/4        EV: 12    Int: 13    God:
Gold:   154        SH:  0    Dex: 12    Spells: 3/3 levels left

rFire   . . .      SeeInvis .   f - +2 short sword (venom)
rCold   . . .      Faith    .   (no shield)
rNeg    . . .      Spirit   .   (body armour unavailable)
rPois   .          Reflect  .   (helmet restricted)
rElec   .          Harm     .   m - scarf {repulsion}
rCorr   .          Rampage  .   (no gloves)
Will    .....                   (no boots)
Stlth   +++.......              (no amulet)
HPRegen 0.12/turn               (no ring)
MPRegen 0.09/turn               q - ring of wizardry

@: repel missiles
A: AC +5, unfitting armour, cold-blooded
a: no special abilities


You were on level 3 of the Dungeon.
You visited 1 branch of the dungeon, and saw 5 of its levels.

You collected 154 gold pieces.


Innate Abilities, Weirdness & Mutations

Your plain brown scales are hard. (AC +5)
You cannot fit into any form of body armour.
You are cold-blooded and may be slowed by cold attacks.


   Skills:
 - Level 3.2 Fighting
 - Level 1.7 Dodging
 - Level 4.5 Stealth
 + Level 4.7 Unarmed Combat


You had 3 spell levels left.
You didn't know any spells.
Your spell library was empty.

Inventory:

Hand Weapons
 f - a +2 short sword of venom (weapon)
Missiles
 r - 3 poisoned darts (quivered)
Armour
 m - a scarf of repulsion (worn)
Jewellery
 q - a ring of wizardry (right hand)
Wands
 e - a wand of digging (3)
Scrolls
 a - a scroll of fog
 b - 3 scrolls of magic mapping
 c - a scroll of fear
 h - a scroll of enchant weapon {unknown}
 i - a scroll of brand weapon {unknown}
 k - a scroll of teleportation {unknown}
 l - a scroll of poison {unknown}
 n - a scroll of identify {unknown}
 o - a scroll of immolation {unknown}
Potions
 d - a potion of haste {@q3}
 g - 3 potions of curing {unknown}
 j - a potion of lignification {unknown}
 p - 2 potions of mutation {unknown}

Dungeon Overview and Level Annotations

Branches:
Dungeon (5/15)
 Temple: D:4-7

Altars:

▒▒...▒▒...
▒......>..
▒.........
▒.....g... ▒▒
▒.........
▒.▒▒....)....
▒............
▒▒▒▒?...<..<....
.......d........
.▒▒▒...l........
▒...............
................
.[......!.......
...........▒▒..!
............ ▒..
.............


You could see an iguana (extremely poisoned) and a goblin.


Message History

You climb downwards.
Found five items.
Found a stone staircase leading up and a stone staircase leading down.
There is a stone staircase leading up here.
Unknown command.
You barely miss the iguana. You tail-slap the iguana.
The iguana is lightly wounded.
The iguana bites you!
You completely miss the iguana.
The iguana is lightly wounded.
The iguana bites you!
You hit the iguana.
The iguana is poisoned.
The iguana is moderately wounded.
The iguana barely misses you.
You hit the iguana.
The iguana looks as sick as possible!
You tail-slap the iguana.
The iguana is moderately wounded.
The iguana bites you!
* * * LOW HITPOINT WARNING * * *
You hit the iguana.
The iguana looks as sick as possible!
The iguana is heavily wounded.
The iguana barely misses you.
You closely miss the iguana.
The iguana is severely wounded.
The iguana bites you!
You die...

Action                   |  1- 3 |  4- 6 || total
-------------------------+-------+-------++-------
Melee: Short sword       |    66 |    45 ||   111
       Tailslap          |     5 |     5 ||    10
       Unarmed           |     1 |       ||     1
 Stab: Sleeping          |     6 |     7 ||    13
Armor: Skin              |    22 |     6 ||    28
Dodge: Dodged            |    40 |    29 ||    69

Levels and vault maps discovered:
D:1:      lightli_arrival_farm, layout_loops_ring
D:2:      layout_rooms, uniq_jessica
D:3:      layout_rooms, pf_just_have_faith, minmay_pentangle
D:4:      layout_loops_ring, nicolae_overflow_crystal_walls,
          mainiacjoe_overflow_alcove_2, kennysheep_crisscross, uniq_sigmund
D:5:      layout_loops_corners, mainiacjoe_overflow_six_doors_small,
          ebering_ghost_inner_flame, serial_shops, shop

Notes
Turn   | Place    | Note
-------+----------+-------------------------------------------
     0 | D:5      | sanka the Draconian Delver began the quest for the Orb.
     0 | D:5      | Reached XP level 1. HP: 19/19 MP: 1/1
   217 | D:2      | Reached XP level 2. HP: 26/26 MP: 2/2
   243 | D:2      | Reached skill level 3 in Unarmed Combat
   443 | D:2      | Reached XP level 3. HP: 23/31 MP: 3/3
   956 | D:2      | Noticed Jessica
   960 | D:2      | Reached skill level 4 in Unarmed Combat
   967 | D:2      | Killed Jessica
   968 | D:2      | Reached XP level 4. HP: 16/38 MP: 4/4
  2209 | D:3      | Slain by an iguana

Vanquished Creatures
  Jessica (D:2)
  An adder (D:2)
  2 worms (D:2)
  A dart slug (D:2)
  An orc (D:3)
  2 endoplasms
  4 giant cockroaches
  6 goblins
  5 hobgoblins
  3 jackals (D:1)
  4 kobolds
  A quokka (D:1)
  6 ball pythons
  6 bats
  2 frilled lizards (D:2)
  A rat (D:2)
46 creatures vanquished.
